 Dungeon Crawl Stone Soup version 0.22.1-1-ga44c0e56f4 (webtiles) character file.

169 Kaderl the Shield-Bearer (level 5, 0/41 HPs)
             Began as a Human Fighter on Sept 22, 2018.
             Slain by Sigmund
             ... wielding a +0 scythe
              (4 damage)
             ... on level 3 of the Dungeon.
             The game lasted 00:07:45 (1486 turns).

Kaderl the Shield-Bearer (Human Fighter)            Turns: 1486, Time: 00:07:45

Health: 0/41       AC:  9    Str: 17    XL:     5   Next: 79%
Magic:  5/5        EV:  4    Int:  9    God:
Gold:   113        SH:  0    Dex: 12    Spells: 4/4 levels left

rFire    . . .     SeeInvis .   a - +1 war axe
rCold    . . .     Gourm    .   c - +0 shield
rNeg     . . .     Faith    .   g - +0 chain mail
rPois    .         Spirit   .   (no helmet)
rElec    .         Reflect  .   (no cloak)
rCorr    .         Harm     .   (no gloves)
MR       .....                  (no boots)
Stlth    ..........             (no amulet)
HPRegen  0.13/turn              (no ring)
MPRegen  0.09/turn              (no ring)

@: confused, lethally poisoned (0 -> -2)
A: no striking features
a: no special abilities


You were on level 3 of the Dungeon.
You were not hungry.

You visited 1 branch of the dungeon, and saw 3 of its levels.

You collected 113 gold pieces.

Inventory:

Hand Weapons
 a - a +1 war axe (weapon)
Armour
 c - a +0 shield (worn)
 g - a +0 chain mail (worn)
Scrolls
 b - a scroll of blinking
 q - a scroll of magic mapping {unknown}
Potions
 d - 3 potions of might
 i - 2 potions of cancellation {unknown}
 j - 3 potions of curing
 k - 2 potions of ambrosia {unknown}
 l - a potion of degeneration {unknown}
 o - a potion of heal wounds {unknown}
 p - a potion of mutation {unknown}
 r - a potion of haste {unknown}
Comestibles
 f - 6 rations


   Skills:
 + Level 3.5 Fighting
 + Level 3.6 Axes
 + Level 3.8 Armour
 + Level 0.1 Dodging
 + Level 4.0 Shields


You had 4 spell levels left.
You didn't know any spells.
Your spell library was empty.

Dungeon Overview and Level Annotations

Branches:
Dungeon (3/15)

Altars:

Annotations:
D:3 Sigmund


Message History

The adder is severely wounded.
The adder bites you but does no damage. You block the adder's attack.
Something hits you but does no damage.
You hit the adder.
You kill the adder!
You feel sick. Something hits you!
You see here an adder corpse.
You feel sick. Something hits you but does no damage.
Something hits you but does no damage.
You feel sick.
You hear some strange, mumbled words.
You are confused.
You bump into the rock wall.
Something hits you.
* * * LOW HITPOINT WARNING * * *
A goblin comes into view.
You bump into the rock wall.
You feel sick. Something hits you.
* * * LOW HITPOINT WARNING * * *
You slash something! Something hits you.
You die...

#......# .##.....#
#......##### .....#.# #
#..........# ###.#...#
##.##.....###.#.##...[.g..
....................#.#....
.#####.....###.#.# #..#.
#.....###.#.# #..#.
#.........#.# #..#.
#######.#@#####.# . .....
#.)...†....[....##.#.#####
########)#####.##.###.......
#...........##)#..........#
#...........##(#..#...##..
#...........##)#..#<###
#...........##.#..###
#..............#...
################.##


There were no monsters in sight!

Vanquished Creatures
  An orc priest (D:3)
  Jessica (D:2)
  4 adders
  2 worms (D:2)
  5 dart slugs
  5 orcs
  6 bats
  2 giant cockroaches
  9 goblins
  8 hobgoblins
  4 jackals (D:2)
  A quokka (D:2)
  2 frilled lizards
  4 kobolds
  4 rats
58 creatures vanquished.

Notes
Turn   | Place    | Note
-------+----------+-------------------------------------------
     0 | D:1      | Kaderl the Human Fighter began the quest for the Orb.
     0 | D:1      | Reached XP level 1. HP: 18/18 MP: 1/1
   177 | D:1      | Reached XP level 2. HP: 23/24 MP: 2/2
   394 | D:1      | Reached XP level 3. HP: 29/29 MP: 3/3
   824 | D:2      | Noticed Jessica
   828 | D:2      | Killed Jessica
   828 | D:2      | Reached XP level 4. HP: 26/35 MP: 4/4
   959 | D:2      | Reached XP level 5. HP: 19/41 MP: 5/5
  1317 | D:3      | Noticed Sigmund
  1450 | D:3      | Reached skill level 4 in Shields
  1486 | D:3      | Slain by Sigmund

Skill      XL: |  1  2  3  4  5 |
---------------+----------------+-----
Axes           | 3 |  3.6
Shields        | 4 |  4.0
Fighting       | |  3.5
Armour         | |  3.8
Dodging        | |  0.1

Action                   |  1- 3 |  4- 6 || total
-------------------------+-------+-------++-------
Melee: War axe           |    85 |   103 ||   188
  Use: Scroll            |       |     6 ||     6
  Eat: Ration            |       |     1 ||     1
Armor: Chain mail        |    51 |    82 ||   133
Dodge: Dodged            |    12 |    26 ||    38
Block: Shield            |    40 |    63 ||   103
